 Dungeon Crawl Stone Soup version 5.6-49-g8abd877 (webtiles) character file.

1 rednecknazgul the Changer (level 6, -7/56 HPs) *CASUAL*
             Began as a Naga Transmuter on Jan 1, 2019.
             Was an Initiate of Jiyva.
             Mangled by a gnoll
             ... wielding a +0 halberd
              (10 damage)
             ... on level 4 of the Dungeon.
             The game lasted 00:03:24 (2438 turns).

rednecknazgul the Changer (Naga Transmuter)         Turns: 2438, Time: 00:03:25

Health: -7/56      AC:  5 (0%)Str: 14   XL:     6   Next: 81%
Magic:  9/9        EV: 10    Int: 13    God:    Jiyva [0*[16]]
Gold:   208        SH:  0    Dex: 12    Spells: 4/10 levels left

rFire    . . .     SeeInvis +     - Unarmed
rCold    . . .     Faith    .   (no shield)
rNeg     . . .     Spirit   .   a - +0 robe
rPois    +         Reflect  .   (no helmet)
rElec    .                      b - +0 cloak
rCorr    .                      d - +0 pair of gloves
MR       .....                  (no barding)
Stlth    +.........             (no amulet)
Regen    0.2/turn               (no ring)
MPRegen  0.2/turn               (no ring)

@: short of breath, very slow
A: see invisible, deformed body, poison resistance, slowness 2, spit poison 1,
AC +2
a: Spit Poison, Renounce Religion


You were on level 4 of the Dungeon.
You worshipped Jiyva.
Jiyva was noncommittal.
You were not hungry.

You visited 1 branch of the dungeon, and saw 4 of its levels.

You collected 208 gold pieces.

Inventory:

Armour
 a - a +0 robe (worn)
 b - a +0 cloak (worn)
 d - a +0 pair of gloves (worn)
Wands
 k - a wand of digging (8)
 l - a wand of lightning (6)
Scrolls
 c - 2 scrolls of fog
 e - a scroll of teleportation
 h - a scroll of magic mapping
 j - a scroll of enchant weapon
Potions
 f - 2 potions of ambrosia
 g - a potion of lignification
 i - a potion of mutation


   Skills:
 + Level 3.4 Fighting
 - Level 1.5 Dodging
 + Level 4.5 Unarmed Combat
 * Level 5.5 Transmutations


You had 4 spell levels left.
You knew the following spells:

 Your Spells              Type           Power        Failure   Level  Hunger
a - Beastly Appendage     Tmut           14 (50)      3%          1    N/A
b - Blade Hands           Tmut           14 (200)     65%         5    N/A

Your spell library contained the following spells:

 Spells                   Type           Power        Failure   Level  Hunger
 Spider Form              Tmut           14 (200)     10%         3    N/A
 Ice Form                 Ice/Tmut       7 (100)      69%         4    N/A
 Passwall                 Tmut/Erth      7 (200)      16%         2    N/A

Dungeon Overview and Level Annotations

Branches:
Dungeon (4/15)

Altars:
Cheibriados
Elyvilon
Jiyva
Kikubaaqudgha
Lugonu
Nemelex Xobeh
Okawaru
Sif Muna
Trog
Uskayaw
Vehumet
Xom


Innate Abilities, Weirdness & Mutations

You cannot wear boots.
Your serpentine skin is tough. (AC +2)
You have supernaturally acute eyesight. (SInv)
Armour fits poorly on your strangely shaped body.
Your system is resistant to poisons. (rPois)
You cover ground very slowly.
You can spit poison.


Message History

The gnoll is severely wounded.
The gnoll hits you with a +0 whip (7)!
The gnoll hits you from afar with a +0 halberd (4).
You hit the gnoll (6).
You kill the gnoll!
Press: ? - help, Shift-Dir - straight line, f - gnoll
Aim: a gnoll, wielding a +0 halberd The splash of poison hits the gnoll (4).
The gnoll is moderately wounded.
The gnoll hits you from afar with a +0 halberd (6).
The gnoll hits you with a +0 halberd (17)!
* * * LOW HITPOINT WARNING * * *
You see here a +0 whip.
You barely miss the gnoll.
The gnoll is moderately wounded.
The gnoll misses you.
You hit the gnoll (2).
The gnoll is heavily wounded.
The gnoll hits you with a +0 halberd (10)!
You die...

### # .. .. .# ..
##.##.### #........
###############?.......
........@g...##).##.###
###.##.#####.....# #
... ####..# #.... #$.#
#.... ..... ......
#..### .###... #gg#
#### ..r# #..


You could see a gnoll.

Vanquished Creatures
  A scorpion (D:3)
  A worker ant (D:3)
  2 gnolls (D:4)
  3 adders (D:2)
  An ooze (D:2)
  4 dart slugs
  An orc (D:4)
  5 quokkas
  2 giant cockroaches
  7 goblins
  6 hobgoblins
  4 jackals (D:2)
  6 bats
  6 frilled lizards
  7 kobolds
  7 rats
63 creatures vanquished.

Notes
Turn   | Place    | Note
-------+----------+-------------------------------------------
     0 | D:1      | rednecknazgul the Naga Transmuter began the quest for the Orb.
     0 | D:1      | Reached XP level 1. HP: 18/18 MP: 2/2
     8 | D:1      | Reached XP level 2. HP: 25/25 MP: 3/3
   263 | D:1      | Reached XP level 3. HP: 31/31 MP: 5/5
   808 | D:2      | Noticed a hand axe
   809 | D:2      | Found a hide-covered altar of Uskayaw.
   809 | D:2      | Noticed a dagger
   824 | D:2      | Reached XP level 4. HP: 39/39 MP: 6/6
   865 | D:2      | Reached skill level 4 in Transmutations
  1038 | D:2      | Reached XP level 5. HP: 40/46 MP: 8/8
  1122 | D:2      | Found a bloodstained altar of Trog.
  1135 | D:2      | Found a corrupted altar of Lugonu.
  1161 | D:2      | Learned a level 5 spell: Blade Hands
  1308 | D:2      | Found a faded altar of an unknown god.
  1472 | D:3      | Found an ancient bone altar of Kikubaaqudgha.
  1472 | D:3      | Found a snail-covered altar of Cheibriados.
  1539 | D:3      | Found a deep blue altar of Sif Muna.
  1574 | D:3      | Reached XP level 6. HP: 24/56 MP: 9/9
  1821 | D:3      | Found a white marble altar of Elyvilon.
  1878 | D:3      | Reached skill level 5 in Transmutations
  2216 | D:3      | Found an iron altar of Okawaru.
  2217 | D:3      | Found a sparkling altar of Nemelex Xobeh.
  2218 | D:3      | Found a shimmering altar of Xom.
  2218 | D:3      | Found a viscous altar of Jiyva.
  2218 | D:3      | Found a radiant altar of Vehumet.
  2249 | D:3      | Became a worshipper of Jiyva Jenler the Shapeless
  2438 | D:4      | Mangled by a gnoll

Skill      XL: |  1  2  3  4  5  6 |
---------------+-------------------+-----
Fighting       | 2 3 |  3.4
Transmutations | 4 5 |  5.5
Unarmed Combat | 4 |  4.5
Dodging        | |  1.5

Action                   |  1- 3 |  4- 6 || total
-------------------------+-------+-------++-------
Melee: Unarmed           |    49 |   153 ||   202
       Punch             |     1 |     2 ||     3
 Abil: Spit Poison       |    19 |    11 ||    30
Armor: Robe              |    18 |    52 ||    70
Dodge: Dodged            |    22 |    69 ||    91
